Rayston, chaotic female orcish Barbarian ------------ |..........| |.......<..| |...........# ------- |..........|# ...!`+ |..........|### ....| |..........| ## -...| ----------.- #### |... |...| ## #### |. ` |`..|# ` ### ... |....## ### ### %I -...|# # # .. .....|# ### # ..I.....`|# # # ----------# ################# Rayston the Pillager Experience level: 5 Strength: 17 Dexterity: 16 Constitution: 19 Intelligence: 8 Wisdom: 7 Charisma: 8 Health: 0(56) Energy: 12(12) Def: 4 Gold: 22 Moves: 3662 Dungeon seed: aiWI5rGYLkg0j5Nr Game ID: Rayston_1500486411 Your Inventory: Coins $ - 22 gold pieces Weapons b - a blessed +0 orcish short sword (weapon in hand) f - an uncursed poisoned +0 dart g - 60 uncursed +0 darts (in quiver) Armor e - an uncursed +0 orcish ring mail (being worn) q - a blessed +0 cloak of invisibility N - an uncursed +0 pair of high boots (being worn) Comestibles c - 4 uncursed food rations l - an uncursed sprig of wolfsbane t - an uncursed tin of gecko meat C - an uncursed lichen corpse M - an uncursed tripe ration Rings T - a cursed ring of hunger Wands p - an uncursed wand of polymorph (0:4) I - an uncursed wand of striking (0:1) O - an uncursed wand of speed monster (0:5) Tools i - an uncursed magic whistle k - an uncursed oil lamp (0:1311) r - an uncursed sack A - an uncursed sack Gems y - 2 uncursed flints named Not Lodestone Spells and supernatural/magical abilities: Name Level Category Fail Memory W - pray for help -- divine ? -- Your skills at the end: Miscellaneous Skills bare handed combat [Basic] stealth [Basic] Weapon Skills axe [Basic] short sword [Basic] Spellcasting Skills Final Attributes: You were piously aligned. You were poison resistant. You were blinded. Your writing hand was a little cramped from use. You had infravision. You were very stealthy. You are dead. Vanquished creatures: a fog cloud a shrieker a guardian naga hatchling a gray ooze 2 giant ants a puppy an iguana a jitterbug a giant bat 6 coyotes a hobbit 3 geckos a giant rat a brown mold 2 yellow molds 2 gnomes 2 garter snakes 7 jackals 2 kobolds 6 newts a sewer rat 6 grid bugs 2 bats 5 lichens a kobold zombie 58 creatures vanquished. Voluntary challenges: You did not adorn yourself with jewelry or accessories. You did not cause conflict. You were not invisible. You did not have reflection. You were not displaced. You used a wielded weapon 74 times, starting on turn 42. You did not apply a unicorn horn. You did not use plumbed fixtures. You did not drink any magical draughts. You read items or engraved 2 times, starting on turn 1412. You never genocided any monsters. You never polymorphed an object. You never changed form. You used no wishes. You never split a pudding. You wrote Elbereth's name 2 times, starting on turn 1412. You never violated your personal moral code. Dungeon overview: The Dungeons of Doom: levels 1 to 7 Level 1 a fountain a long staircase Level 2 Level 3 (Mine Entrance) a long staircase Level 4 a fountain Level 5 (Vault/Altar) an altar to Set, a fountain Level 6 some fountains Level 7 <- You were here History has recorded: On T:1 you entered the Dungeons of Doom to retrieve the Amulet of Yendor! On T:137 you reached level 2 of The Dungeons of Doom. On T:673 you reached level 3 of The Dungeons of Doom. On T:797 you advanced to experience level 2. On T:1088 you reached level 4 of The Dungeons of Doom. On T:1293 you advanced to experience level 3. On T:1402 you reached level 5 of The Dungeons of Doom. On T:1736 you advanced to experience level 4. On T:2442 you reached level 6 of The Dungeons of Doom. On T:2861 you advanced to experience level 5. On T:3525 you reached level 7 of The Dungeons of Doom. On T:3613 you prayed to Set. Score breakdown: Gold: 22 ( 2 points) Experience: 5 levels ( 400 points) Exploration: 7 levels ( 180 points) Discoveries: 6 items ( 300 points) Variety of kills: 25 monsters ( 1250 points) Major goal: (nothing yet) ( 0 points) Survival: died (score multiplied by 3) Total score: 6396 Latest messages: Something bites! (2x) You kill it! Something punches you! You stab something. You kill it! You attack thin air. (2x) You try to feel what is lying here on the floor. There are a few objects here. Something bites! You stab something. You kill it! You attack thin air. You try to feel what is lying here on the floor. You feel here a guardian naga hatchling corpse. Something pecks! (2x) Something misses. You stab something. You hear a door open. Something bites! You stab something. Something displaces you! Something pecks! Something bites! Something pecks! You die... Final status: Goodbye Rayston the Barbarian, killed by a raven... You died in The Dungeons of Doom on dungeon level 7 with 6396 points, and 22 pieces of gold, after 3662 moves. You were level 5 with a maximum of 56 hit points when you died.